 Dungeon Crawl Stone Soup version 0.21.1-1-g345015f (webtiles) character file.

338 Iko the Cudgeler (level 6, -10/50 HPs)
             Began as a Formicid Chaos Knight on June 10, 2018.
             Mangled by a wyvern (12 damage)
             ... on level 9 of the Dungeon.
             The game lasted 00:12:34 (1077 turns).

Iko the Cudgeler (Formicid Chaos Knight)            Turns: 1077, Time: 00:12:34

Health: -10/50     AC:  7    Str: 17    XL:     6   Next: 86%
Magic:  6/6        EV: 10    Int: 17    God:    Xom [..*...]
Gold:   145        SH:  3    Dex: 11    Spells: 5/5 levels left

rFire    + . .     SeeInvis +   a - +1 mace (chaos)
rCold    x . .     Gourm    .   f - +0 buckler
rNeg     + . .     Faith    .   d - +2 ring mail {rPois}
rPois    +         Spirit   .   (helmet unavailable)
rElec    .         Reflect  .   (no cloak)
rCorr    .         Harm     .   (no gloves)
MR       .....                  (no boots)
Stlth    +.........             (no amulet)
HPRegen  0.16/turn              e - ring of fire
MPRegen  0.10/turn              k - ring of positive energy

@: brilliant
A: permanent stasis, dig shafts and tunnels, four strong arms, antennae 3
a: Dig, Shaft Self, Renounce Religion


You were on level 9 of the Dungeon.
You worshipped Xom.
You were a toy of Xom.
You were not hungry.

You visited 1 branch of the dungeon, and saw 9 of its levels.

You collected 145 gold pieces.

Inventory:

Hand Weapons
 a - a +1 mace of chaos (weapon)
Armour
 d - a +2 ring mail of poison resistance (worn)
 f - a +0 buckler (worn)
Jewellery
 e - a ring of fire (left hand)
 k - a ring of positive energy (right hand)
Scrolls
 g - 5 scrolls of remove curse
 i - a scroll of identify
Potions
 b - a potion of brilliance
Comestibles
 c - 3 rations


   Skills:
 + Level 4.9 Fighting
 + Level 5.1 Maces & Flails
 + Level 3.4 Armour
 + Level 2.1 Dodging
 + Level 0.5 Stealth
 + Level 0.6 Shields


You had 5 spell levels left.
You didn't know any spells.

Dungeon Overview and Level Annotations

Branches:
Dungeon (9/15)
 Temple: D:4-7         Lair: D:8-11         Orc: D:9-12

Altars:
Sif Muna
Vehumet
Xom
Zin

Portals:
Ossuary: D:5

Annotations:
D:5 exclusion: statue


Innate Abilities, Weirdness & Mutations

You cannot be hasted, slowed, berserked, paralysed or teleported.
You can dig through walls and to a lower floor.
Your four strong arms can wield two-handed weapons with a shield.
You have a pair of large antennae on your head. (SInv)


Message History

* * * LOW HITPOINT WARNING * * *
You eat one of the 4 rations.
That ration really hit the spot!
Xom's power touches on you for a moment.
Flames sear your flesh. The jackal misses you.
The jackal bites you but does no damage.
You sock the jackal!
You kill the jackal!
The jackal barely misses you.
You hit the jackal. You drain the jackal!
You kill the jackal!
The wyvern barely misses you.
You hit the wyvern but do no damage.
The wyvern is poisoned.
The wyvern bites you!
* * * LOW HITPOINT WARNING * * *
You block the wyvern's attack.
You hit the wyvern. You freeze the wyvern.
The wyvern is lightly wounded.
The wyvern bites you!
You die...
Xom laughs nastily!

## ##.## ###
..#.. #@#
..#... #
#l##......
#.#Z........
#......!....
#..##......?..
#.#
..#........ ..
...#.........
#.{..
......... ....
..........


You could see a wyvern and an adder zombie.

Vanquished Creatures
  An ogre (D:8)
  A bullfrog (D:5)
  A jelly (D:9)
  A bullfrog skeleton (D:4)
  A hound (D:7)
  3 worker ants
  A worm (D:2)
  A dart slug (D:2)
  An orc (D:3)
  A bat (D:2)
  4 giant cockroaches
  2 goblins (D:2)
  3 jackals (D:9)
  2 quokkas
  A ball python zombie (D:5)
  3 frilled lizards
  A kobold (D:2)
  A quokka skeleton (D:4)
29 creatures vanquished.

Notes
Turn   | Place    | Note
-------+----------+-------------------------------------------
     0 | D:1      | Iko the Formicid Chaos Knight began the quest for the Orb.
     0 | D:1      | Reached XP level 1. HP: 18/18 MP: 1/1
    51 | D:2      | XOM: divination: detect creatures
   101 | D:2      | XOM: harmless Hex miscast
   112 | D:2      | Reached XP level 2. HP: 19/24 MP: 2/2
   285 | D:4      | XOM: divination: magic mapping
   388 | D:4      | Reached XP level 3. HP: 30/30 MP: 3/3
   411 | D:4      | Reached skill level 4 in Maces & Flails
   411 | D:4      | Reached XP level 4. HP: 35/38 MP: 4/4
   444 | D:5      | Entered Level 5 of the Dungeon
   477 | D:5      | Reached skill level 1 in Dodging
   477 | D:5      | Reached XP level 5. HP: 41/43 MP: 5/5
   503 | D:5      | Noticed a bullfrog
   518 | D:5      | Killed a bullfrog
   599 | D:5      | Found a sand-covered staircase.
   629 | D:5      | Found a radiant altar of Vehumet.
   632 | D:5      | Noticed a frost-covered statue
   770 | D:6      | Found a deep blue altar of Sif Muna.
   817 | D:7      | Reached XP level 6. HP: 49/49 MP: 6/6
   907 | D:8      | Noticed an ogre
   908 | D:8      | XOM: divination: detect creatures
   909 | D:8      | XOM: enchant monster (good)
   924 | D:8      | Found a shimmering altar of Xom.
   927 | D:8      | Noticed an angel
   930 | D:8      | Found a glowing silver altar of Zin.
   943 | D:8      | XOM: confuse monster(s)
   956 | D:8      | Killed an ogre
   956 | D:8      | Reached skill level 5 in Maces & Flails
  1068 | D:9      | Noticed a wyvern
  1070 | D:9      | XOM: potion effect (brilliance)
  1073 | D:9      | XOM: mild Fire miscast
  1076 | D:9      | HP: 2/50 [wyvern (9)]
  1077 | D:9      | Mangled by a wyvern

Skill      XL: |  1  2  3  4  5  6 |
---------------+-------------------+-----
Fighting       | 4 |  4.9
Maces & Flails | 4 5 |  5.1
Dodging        | 1 2 |  2.1
Armour         | 3 |  3.4
Stealth        | |  0.5
Shields        | |  0.6

Action                   |  1- 3 |  4- 6 || total
-------------------------+-------+-------++-------
Melee: Mace              |    45 |    53 ||    98
 Abil: Dig               |       |     1 ||     1
  Use: Scroll            |     3 |     4 ||     7
       Potion            |     1 |     7 ||     8
  Eat: Ration            |       |     1 ||     1
Armor: Leather armour    |     5 |       ||     5
       Chain mail        |    15 |    18 ||    33
       Skin              |       |     3 ||     3
       Ring mail         |       |     4 ||     4
Dodge: Dodged            |    22 |    18 ||    40
Block: Buckler           |     2 |     9 ||    11
